 Dungeon Crawl Stone Soup version 0.30-a0-381-g6ea064c7b4 (webtiles) character file.

Game seed: 15986485204280057447

6465 leviel the Cleaver (level 11, -6/142 HPs)
             Began as a Hill Orc Fighter on Dec 1, 2022.
             Mangled by an orc knight
             ... wielding a +0 trident
              (8 damage)
             ... in a bailey.
             The game lasted 00:10:11 (7170 turns).

leviel the Cleaver (Hill Orc Fighter)               Turns: 7170, Time: 00:10:12

Health: -6/142     AC: 25    Str: 24    XL:     11   Next: 0%
Magic:  11/11      EV:  2    Int:  8    God:
Gold:   466        SH:  5    Dex: 10    Spells: 10/10 levels left

rFire   . . .      SeeInvis .    a - +2 war axe
rCold   . . .      Faith    .    c - +0 buckler
rNeg    . . .      Spirit   .    (body armour currently unavailable)
rPois   +          Reflect  .    (helmet currently unavailable)
rElec   .          Harm     .    (cloak currently unavailable)
rCorr   .          Rampage  .    (gloves currently unavailable)
Will    +....      NoTele   +    (boots currently unavailable)
Stlth   +.........               (no amulet)
HPRegen 0.43/turn                b - ring of willpower
MPRegen 0.12/turn                (no ring)

@: mighty, tree-form
A: stationary, stasis, torment immunity, boosted hp
a: no special abilities


You were in a bailey.
You were a tree.
You visited 1 branch of the dungeon, and saw 7 of its levels.
You also visited: Bailey.

You collected 466 gold pieces.

Inventory:

Hand Weapons
 a - a +2 war axe (weapon)
 q - the +8 mace of Avvesuoc {speed, rF+ rC++ rN+ MP+9}
   (You found it on level 5 of the Dungeon)

   Attacks with this weapon are significantly faster.
   rF:        It protects you from fire.
   rC:        It greatly protects you from cold.
   rN:        It protects you from negative energy.
   MP:        It affects your magic capacity (+9).
Missiles
 n - a throwing net (quivered)
Armour
 c - a +0 buckler (worn)
 h - a +2 plate armour (melded)
Jewellery
 b - a ring of willpower (left branch)
 u - a ring of magical power
Wands
 k - a wand of digging (5)
 t - a wand of iceblast (4)
Scrolls
 e - a scroll of blinking
 g - 3 scrolls of identify {@r1}
 l - a scroll of fear
 p - 4 scrolls of teleportation
Potions
 d - a potion of might
 i - a potion of invisibility
 j - a potion of brilliance
 m - a potion of ambrosia
 o - a potion of cancellation {unknown}
 r - 4 potions of magic


   Skills:
 + Level 8.7 Fighting
 * Level 14.4 Axes
 + Level 8.0 Armour
 + Level 5.2 Dodging
 + Level 8.1 Shields


You had 10 spell levels left.
You didn't know any spells.
Your spell library contained the following spells:

 Spells                   Type           Power      Damage    Failure   Level
 Blink                    Tloc           0%         N/A       63%         2
 Cigotuvi's Dreadful Rot  Necr/Pois/Air  0%         N/A       63%         2
 Ozocubu's Armour         Ice            0%         N/A       85%         3
 Summon Guardian Golem    Hex/Summ       0%         N/A       85%         3
 Dispel Undead            Necr           0%         3d6       99%         4
 Manifold Assault         Tloc           0%         N/A       99%         4
 Metabolic Englaciation   Hex/Ice        0%         N/A       100%        5
 Death Channel            Necr           0%         N/A       100%        6
 Simulacrum               Ice/Necr       0%         N/A       100%        6
 Orb of Destruction       Conj           0%         9d5       100%        7
 Spellforged Servitor     Conj/Summ      0%         N/A       100%        7
 Storm Form               Tmut/Air       0%         N/A       100%        7


Dungeon Overview and Level Annotations

Branches:
Dungeon (7/15)             Temple (0/1) D:7          Bailey (1/1)

Altars:
Trog
Wu Jian
Yredelemnul
Zin


Message History

The orc knight is severely wounded.
The orc hits you from afar with a +0 halberd.
* * * LOW HITPOINT WARNING * * *
The orc hits you but does no damage. x2
The orc knight hits you with a +0 trident.
* * * LOW HITPOINT WARNING * * *
You barely miss the orc knight.
The orc knight is severely wounded.
You block the orc's attack. The orc hits you but does no damage. x2
The orc knight hits you with a +0 trident.
* * * LOW HITPOINT WARNING * * *
You slash the orc knight!
The orc knight is severely wounded.
The orc no longer looks unusually strong.
You hit the orc knight.
The orc knight is almost dead.
You block the orc's attack. The orc hits you but does no damage.
You block the orc's attack.
The orc knight roars a battlecry!
The orc goes into a battle-frenzy!
You completely miss the orc knight.
The orc knight is almost dead.
You slash the orc knight!
The orc knight is almost dead.
The orc hits you but does no damage. x2
The orc sings a few bars from the Orcish anthem.
The orc hits you but does no damage.
The orc knight hits you with a +0 trident.
* * * LOW HITPOINT WARNING * * *
You closely miss the orc knight.
The orc knight is almost dead.
You feel yourself slow down.
You closely miss the orc knight.
The orc knight is almost dead.
The orc hits you but does no damage.
The orc hits you from afar with a +0 spear!
* * * LOW HITPOINT WARNING * * *
You block the orc's attack.
The orc knight hits you with a +0 trident!
You die...

#.......#
#..#.#..#
#..))...#
#..).)#
##'''##
#.....#
#.oo..#
#).)o.#
#o♣...#
#.....#
##'''##
##.....##
#.......#
#.......#
#..#.#..#
#..#8#..#
#.......#


You could see an orc knight and 3 orcs.

Vanquished Creatures
  An orc knight (Bailey)
  3 yaks (D:5)
  A steam dragon (D:7)
  A water moccasin (D:5)
  An ice beast (D:6)
  4 orc warriors
  A sky beast (D:7)
  2 ogres
  A centaur (D:7)
  5 phantoms
  Blork the orc (D:6)
  A necrophage (D:5)
  A scorpion (D:4)
  5 wights (D:5)
  A spectral centaur (D:5)
  A bullfrog zombie (D:5)
  2 jellies
  2 hounds (D:6)
  4 orc priests
  3 iguanas
  6 orc wizards
  A hound zombie (D:5)
  4 gnolls (D:3)
  5 adders
  3 white imps
  2 ufetubi (D:4)
  An adder simulacrum (D:5)
  A dart slug (D:4)
  A worm (D:3)
  49 orcs
  5 bats
  4 endoplasms
  5 giant cockroaches
  8 goblins
  7 hobgoblins
  5 kobolds
  3 quokkas
  6 ball pythons
  6 frilled lizards
  3 rats
  A spectral orc (D:3)
167 creatures vanquished.

Vanquished Creatures (others)
  2 plants (D:4)
  22 withered plants (D:5)
24 creatures vanquished.

Grand Total: 191 creatures vanquished

Notes
Turn   | Place    | Note
-------+----------+-------------------------------------------
     0 | D:1      | leviel the Hill Orc Fighter began the quest for the Orb.
     0 | D:1      | Reached XP level 1. HP: 19/19 MP: 1/1
   132 | D:1      | Reached skill level 3 in Axes
   132 | D:1      | Reached XP level 2. HP: 26/27 MP: 2/2
   678 | D:2      | Reached XP level 3. HP: 33/33 MP: 3/3
   826 | D:2      | Reached skill level 4 in Axes
  1872 | D:3      | Reached XP level 4. HP: 39/40 MP: 4/4
  1946 | D:3      | Found an ornate altar of the Wu Jian Council.
  1967 | D:3      | Found a bloodstained altar of Trog.
  1990 | D:3      | Reached skill level 5 in Axes
  2284 | D:3      | Reached skill level 6 in Axes
  2284 | D:3      | Reached XP level 5. HP: 46/46 MP: 5/5
  2288 | D:3      | Identified the +1 scale mail of Prudence {Dex+3}
  2322 | D:3      | Found a basalt altar of Yredelemnul.
  2422 | D:4      | Noticed a phantom
  2452 | D:4      | Killed a phantom
  2453 | D:4      | Reached skill level 7 in Axes
  2464 | D:4      | Reached XP level 6. HP: 12/52 MP: 6/6
  2491 | D:4      | Reached skill level 8 in Axes
  3133 | D:4      | Reached XP level 7. HP: 33/59 MP: 7/7
  3805 | D:5      | Entered Level 5 of the Dungeon
  3823 | D:5      | Noticed a yak
  3829 | D:5      | Noticed a yak
  3833 | D:5      | Noticed a yak
  3851 | D:5      | Reached skill level 1 in Dodging
  3855 | D:5      | Killed a yak
  3856 | D:5      | Reached skill level 9 in Axes
  3862 | D:5      | Killed a yak
  3865 | D:5      | HP: 2/90 [yak (10)]
  3868 | D:5      | Killed a yak
  3869 | D:5      | Reached XP level 8. HP: 3/67 MP: 8/8
  4150 | D:5      | Reached skill level 5 in Fighting
  4160 | D:5      | Reached skill level 10 in Axes
  4188 | D:5      | Reached skill level 5 in Armour
  4188 | D:5      | Reached skill level 5 in Shields
  4304 | D:5      | Found the +4 dagger "Morg" {pain, Will+ Int+5}
  4611 | D:5      | Identified the +8 mace of Avvesuoc {speed, rF+ rC++ rN+
                  | MP+9}
  5240 | D:6      | Reached XP level 9. HP: 50/75 MP: 9/9
  5334 | D:5      | Reached skill level 11 in Axes
  5781 | D:6      | Noticed Blork the orc
  5789 | D:6      | Killed Blork the orc
  6019 | D:6      | Found a glowing silver altar of Zin.
  6211 | D:7      | Found a staircase to the Ecumenical Temple.
  6712 | D:7      | Found a flagged portal.
  6719 | Bailey   | Entered a bailey
  6775 | Bailey   | Reached skill level 12 in Axes
  7124 | Bailey   | Reached skill level 14 in Axes
  7124 | Bailey   | Reached skill level 5 in Dodging
  7124 | Bailey   | Reached XP level 10. HP: 90/90 MP: 10/10
  7126 | Bailey   | Noticed an orc knight
  7127 | Bailey   | Noticed an orc knight
  7141 | Bailey   | Killed an orc knight
  7141 | Bailey   | HP: 1/90 [orc knight/+0 trident (19)]
  7142 | Bailey   | Reached XP level 11. HP: 1/95 MP: 11/11
  7153 | Bailey   | HP: 4/95 [orc/+0 halberd (5)]
  7170 | Bailey   | HP: 2/142 [orc/+0 spear (7)]
  7170 | Bailey   | Mangled by an orc knight

Illustrated notes

Levels and vault maps discovered:
D:1:      matt_arrival_grand_opening, layout_loops_cross, minmay_box_of_dots
D:2:      layout_basic
D:3:      layout_loops_ring, yredelemnul_forgotten_temple_becter,
          mainiacjoe_overflow_big_doors
D:4:      cheibrodos_helix_gallery, layout_basic, serial_bayou_crossing
D:5:      layout_basic, dilly_guarded_unrand_morg
D:6:      layout_basic, zin_scriptorium, uniq_blork_the_orc
D:7:      layout_rooms, minmay_temple_entry_wispy, enter_bailey_4
Bailey:   bailey_polearm_5, bailey

Skill      XL: |  1  2  3  4  5  6  7  8  9 10 |
---------------+-------------------------------+-----
Axes           | 3 4 6 7 8 9 10 14 | 14.4
Fighting       | 4 5 8 |  8.7
Dodging        | 1 2 5 |  5.2
Shields        | 4 5 8 |  8.1
Armour         | 4 5 7 8 |  8.0

Action                   |  1- 3 |  4- 6 |  7- 9 | 10-12 || total
-------------------------+-------+-------+-------+-------++-------
Melee: War axe           |   114 |   124 |   289 |    26 ||   553
       Mace              |       |       |     3 |       ||     3
  Use: Scroll            |     6 |     7 |     7 |       ||    20
       Potion            |       |     3 |     8 |     6 ||    17
 Stab: Invisible         |       |       |     4 |       ||     4
Armor: Scale mail        |    27 |       |       |       ||    27
       Plate armour      |    56 |    98 |   177 |     8 ||   339
       Skin              |       |       |     6 |    18 ||    24
Dodge: Dodged            |    40 |    33 |    91 |     7 ||   171
Block: Buckler           |    26 |    16 |    71 |    10 ||   123

Table legend: (Time is in decaauts)
 A = Elapsed time spent in this place.
 B = Non-inter-level travel time spent in this place.
 C = Inter-level travel time spent in this place.
 D = Time resting spent in this place.
 E = Time spent auto-exploring this place.
 F = Levels seen in this place.
 G = Mean time per level.
                   A        B        C        D        E       F      G
               +--------+--------+--------+--------+--------+-----+--------+
         Total |   7207 |   6921 |    286 |   1485 |   4222 |   8 |  900.9 |
       Dungeon |   6775 |   6489 |    286 |   1216 |   4185 |   7 |  967.9 |
        Bailey |    432 |    432 |      0 |    269 |     37 |   1 |  432.0 |
               +--------+--------+--------+--------+--------+-----+--------+

Top non-repeatable levels by time:
     D:5: 1615 daAuts
     D:4: 1437 daAuts
     D:3: 916 daAuts
     D:2: 856 daAuts
     D:6: 736 daAuts
     D:1: 667 daAuts
     D:7: 545 daAuts
  Bailey: 432 daAuts
